 Dungeon Crawl Stone Soup version 0.25.1-2-g60ff931df9 (webtiles) character file.

Game seed: 4201238908003063525

445 DerDa the Stinger (level 7, -2/49 HPs)
             Began as a Naga Venom Mage on Aug 16, 2020.
             Was a Follower of Cheibriados.
             Slain by a bullfrog (6 damage)
             ... on level 5 of the Dungeon.
             The game lasted 00:23:04 (5010 turns).

DerDa the Stinger (Naga Venom Mage)                 Turns: 5010, Time: 00:23:05

Health: -2/49      AC:  7    Str: 14      XL:     7   Next: 3%
Magic:  0/12       EV: 10    Int: 17 (19) God:    Cheibriados [*.....]
Gold:   186        SH:  0    Dex: 12 (14) Spells: 3/13 levels left

rFire    . . .     SeeInvis +   t - +0 falchion
rCold    . . .     Gourm    .   (no shield)
rNeg     . . .     Faith    .   a - +0 robe
rPois    +         Spirit   .   (no helmet)
rElec    .         Reflect  .   (no cloak)
rCorr    .         Harm     .   (no gloves)
MR       .....                  (no barding)
Stlth    +++.......             (no amulet)
HPRegen  0.16/turn              k - +4 ring of protection
MPRegen  0.13/turn              (no ring)

@: very slow
A: large, see invisible, blink, deformed body, frail 1, poison resistance,
slowness 2, slow metabolism 1, spit poison 1, strong 1, AC +2
a: Spit Poison, Blink, Bend Time, Renounce Religion


You were on level 5 of the Dungeon.
You worshipped Cheibriados.
Cheibriados was aware of your devotion.
You were near starving.

You visited 2 branches of the dungeon, and saw 7 of its levels.

You collected 186 gold pieces.

Inventory:

Hand Weapons
 b - a +0 short sword
 g - a +0 dagger of speed
 s - a +1 vampiric spear
 t - a +0 falchion (weapon)
Missiles
 e - 185 stones (quivered)
 p - 4 javelins
 y - 17 poisoned darts
Armour
 a - a +0 robe (worn)
 x - +0 fire dragon scales
 z - a +0 helmet
Jewellery
 k - a +4 ring of protection (left hand)
Scrolls
 d - a scroll of blinking {unknown}
 f - 4 scrolls of teleportation {unknown}
 i - a scroll of immolation {unknown}
 j - 3 scrolls of magic mapping {unknown}
 l - 5 scrolls of remove curse {unknown}
 n - a scroll of enchant armour {unknown}
 q - 4 scrolls of identify {unknown}
 r - 4 scrolls of amnesia {unknown}
 u - a scroll of enchant weapon {unknown}
 v - a scroll of fog {unknown}
 w - a scroll of fear {unknown}
Potions
 h - a potion of might {unknown}
 m - a potion of cancellation {unknown}
 o - a potion of mutation
Comestibles
 c - 10 rations


   Skills:
 - Level 1.5 Dodging
 + Level 5.0 Stealth
 * Level 3.6 Spellcasting
 + Level 1.6 Conjurations
 * Level 3.2 Transmutations
 + Level 1.5 Air Magic
 * Level 5.7 Poison Magic
 + Level 1.3 Invocations


You had 3 spell levels left.
You knew the following spells:

 Your Spells              Type           Power        Failure   Level  Hunger
a - Sting                 Tmut/Pois      ###.         2%          1    None
b - Poisonous Vapours     Pois/Air       ###...       5%          2    ##.....
c - Mephitic Cloud        Conj/Pois/Air  ##......     14%         3    ###....
d - Olgreb's Toxic Radia  Pois           ###.....     16%         4    ####...

Your spell library contained the following spells:

 Spells                   Type           Power        Failure   Level  Hunger
 Ignite Poison            Fire/Tmut/Pois ##......     14%         3    ###....


Dungeon Overview and Level Annotations

Branches:
Dungeon (6/15)             Temple (1/1) D:5

Altars:
Ashenzari
Cheibriados
Dithmenos
Elyvilon
Gozag
Nemelex Xobeh
Ru
Sif Muna
Trog
Uskayaw
Vehumet
Wu Jian
Yredelemnul
Lugonu


Innate Abilities, Weirdness & Mutations

You cannot wear boots.
Your serpentine skin is tough. (AC +2)
You have supernaturally acute eyesight. (SInv)
Armour fits poorly on your strangely shaped body.
Your system is resistant to poisons. (rPois)
You cover ground very slowly.
You have a slow metabolism.
You can spit poison.
You can translocate small distances at will.
You are frail. (-10% HP)
Your muscles are strong. (Str +2)


Message History

Press: ? - help, Shift-Dir - straight line, f - bullfrog
Aim: a bullfrog (severely wounded)
The sting misses the bullfrog.
The bullfrog hits you.
* * * LOW HITPOINT WARNING * * *
The bullfrog hits you but does no damage.
Casting: Sting (safe; 2% risk of failure)
Confirm with . or Enter, or press ? or * to list all spells.
Aiming: Sting (safe; 2% risk of failure)
Press: ? - help, Shift-Dir - straight line, f/p - bullfrog
Aim: a bullfrog (severely wounded)
The sting hits the bullfrog.
The bullfrog is poisoned.
The bullfrog is almost dead.
The bullfrog hits you.
* * * LOW HITPOINT WARNING * * *
You closely miss the bullfrog.
The bullfrog is almost dead.
The bullfrog hits you.
* * * LOW HITPOINT WARNING * * *
The bullfrog hits you.
You die...

?.. #.# #.#.# #.#.#
#.#.# ## #[#.# .# #...#
.###.# #.F@# .....#
#...# .#### #..## .#
#..# .# #..###.# .#
#......# ## ##[###.#
###############.##
............##.#.####.#


You could see a bullfrog (poisoned).

Vanquished Creatures
  A scorpion (D:4)
  A hound (D:4)
  2 orc priests (D:4)
  A jelly (D:6)
  Natasha (thrice) (D:4)
  A worker ant (D:5)
  An orc wizard (D:4)
  An adder (D:2)
  2 oozes (D:1)
  7 worms
  3 dart slugs
  2 leopard geckos
  16 orcs
  7 bats
  2 giant cockroaches (D:1)
  7 goblins
  13 hobgoblins
  7 jackals (D:3)
  2 quokkas
  9 frilled lizards
  7 kobolds
  A leopard gecko skeleton (D:5)
  9 rats
105 creatures vanquished.

Notes
Turn   | Place    | Note
-------+----------+-------------------------------------------
     0 | D:1      | DerDa the Naga Venom Mage began the quest for the Orb.
     0 | D:1      | Reached XP level 1. HP: 15/15 MP: 3/3
   499 | D:1      | Reached XP level 2. HP: 15/22 MP: 3/5
   736 | D:1      | Learned a level 2 spell: Poisonous Vapours
   971 | D:1      | Reached XP level 3. HP: 28/28 MP: 3/6
  1076 | D:1      | Learned a level 3 spell: Mephitic Cloud
  1673 | D:2      | Found a white marble altar of Elyvilon.
  1715 | D:2      | Reached XP level 4. HP: 26/36 MP: 4/7
  1992 | D:2      | Found a faded altar of an unknown god.
  2024 | D:2      | Found a bloodstained altar of Trog.
  2749 | D:3      | Reached XP level 5. HP: 41/42 MP: 0/9
  3137 | D:3      | Found a snail-covered altar of Cheibriados.
  3512 | D:3      | Became a worshipper of Cheibriados the Contemplative
  3518 | D:3      | Learned a level 4 spell: Olgreb's Toxic Radiance
  3546 | D:4      | Noticed Natasha
  3552 | D:4      | Killed Natasha
  3552 | D:4      | Reached skill level 5 in Poison Magic
  3629 | D:4      | Noticed Natasha
  3635 | D:4      | Killed Natasha
  3635 | D:4      | Reached skill level 1 in Conjurations
  3651 | D:4      | Noticed Natasha
  3660 | D:4      | Killed Natasha
  3660 | D:4      | Reached skill level 1 in Air Magic
  3741 | D:4      | Found a shattered altar of Ashenzari.
  3764 | D:4      | Reached XP level 6. HP: 37/49 MP: 7/10
  3776 | D:4      | HP: 1/49 [orc/+0 trident (4)]
  3777 | D:4      | Gained mutation: You can translocate small distances at
                  | will. [potion of mutation]
  3777 | D:4      | Gained mutation: You are frail. (-10% HP) [potion of
                  | mutation]
  3777 | D:4      | Gained mutation: Your muscles are strong. (Str +2) [potion
                  | of mutation]
  3964 | D:4      | Reached skill level 1 in Invocations
  4315 | D:4      | Found a shadowy altar of Dithmenos.
  4315 | D:4      | Found a basalt altar of Yredelemnul.
  4316 | D:4      | Found a sparkling altar of Nemelex Xobeh.
  4500 | D:4      | Reached * piety under Cheibriados
  4581 | D:5      | Entered Level 5 of the Dungeon
  4582 | D:5      | Found a staircase to the Ecumenical Temple.
  4608 | Temple   | Entered the Ecumenical Temple
  4995 | D:6      | Reached skill level 5 in Stealth
  4995 | D:6      | Reached XP level 7. HP: 49/49 MP: 2/12
  5010 | D:5      | Slain by a bullfrog

Illustrated notes

Levels and vault maps discovered:
D:1:      dpeg_arrival_radiant, layout_loops_ring
D:2:      layout_rooms, lemuel_doored_altar, chequers_ecumenical_altar_island,
          first_ration, trog_hazing_becter
D:3:      minmay_door_path, layout_basic, cheibriados_altar_1
D:4:      layout_rooms, nicolae_overflow_hidden_temple, lemuel_round_altar,
          uniq_natasha
D:5:      minmay_razor_zed, layout_loops_ring, nicolae_overflow_crystal_walls,
          zin_purify, minmay_temple_entry_drinking_statues, uniq_grinder
D:6:      layout_cave_pools, regret_index_temple_of_mockery,
          cheibrodos_sewer_entry_drain
Temple:   kb_corrupted_temple

Skill      XL: |  1  2  3  4  5  6 |
---------------+-------------------+-----
Transmutations | 2 3 |  3.2
Stealth        | 4 5 |  5.0
Spellcasting   | 3 |  3.6
Poison Magic   | 5 |  5.7
Conjurations   | 1 |  1.6
Air Magic      | 1 |  1.5
Invocations    | 1 |  1.3
Dodging        | |  1.5

Action                   |  1- 3 |  4- 6 |  7- 9 || total
-------------------------+-------+-------+-------++-------
Melee: Short sword       |     7 |     2 |       ||     9
       Spear             |       |    21 |       ||    21
       Falchion          |       |    65 |     2 ||    67
Throw: Stone             |     1 |     1 |       ||     2
 Cast: Sting             |    44 |   122 |     6 ||   172
       Poisonous Vapours |     9 |    28 |       ||    37
       Olgreb's Toxic Ra |       |     1 |       ||     1
 Abil: Spit Poison       |       |     1 |     1 ||     2
  Use: Potion            |       |     3 |       ||     3
  Eat: Chunk             |     2 |     9 |       ||    11
Armor: Robe              |    12 |    70 |     5 ||    87
       Skin              |       |     5 |       ||     5
Dodge: Dodged            |    17 |    96 |     9 ||   122
       Rpst.: Falchion   |       |    11 |     5 ||    16
